 Dungeon Crawl Stone Soup version 0.23.2-40-g277498a001 (webtiles) character file.

Game seed: 3318828988051073016

46 Descartes the Insei (level 3, -6/18 HPs)
             Began as a Vine Stalker Transmuter on Oct 3, 2019.
             Mangled by an iguana (8 damage)
             ... on level 2 of the Dungeon.
             The game lasted 00:02:52 (1508 turns).

Descartes the Insei (Vine Stalker Transmuter)       Turns: 1508, Time: 00:02:52

Health: -6/18      AC:  6    Str: 13    XL:     3   Next: 68%
Magic:  0/7        EV: 10    Int: 13    God:
Gold:   114        SH:  0    Dex: 14    Spells: 6/7 levels left

rFire    . . .     SeeInvis .     - Unarmed
rCold    . . .     Gourm    .   (no shield)
rNeg     . . .     Faith    .   e - +0 ring mail
rPois    .         Spirit   +   k - +0 helmet
rElec    .         Reflect  .   (no cloak)
rCorr    .         Harm     .   (no gloves)
MR       +....                  (no boots)
Stlth    ++........             (no amulet)
HPRegen  0.06/turn              c - ring of stealth
MPRegen  0.10/turn              g - ring of protection from magic

@: heavily drained
A: fangs 2, magic shield, antimagic bite, no potion heal 3, rot immunity
a: no special abilities


You were on level 2 of the Dungeon.
You were not hungry.

You visited 1 branch of the dungeon, and saw 2 of its levels.

You collected 114 gold pieces.

Inventory:

Hand Weapons
 p - a +1 hunting sling of flaming
Missiles
 a - 12 arrows
 j - 37 stones (quivered)
 l - 2 needles of frenzy
Armour
 b - a +0 robe
 e - a +0 ring mail (worn)
 k - a +0 helmet (worn)
Jewellery
 c - a ring of stealth (left hand)
 g - a ring of protection from magic (right hand)
Scrolls
 m - a scroll of teleportation {unknown}
 q - a scroll of enchant armour {unknown}
Potions
 f - 2 potions of heal wounds {unknown}
 h - a potion of haste {unknown}
 i - a potion of brilliance {unknown}
 n - a potion of mutation {unknown}
 o - a potion of lignification {unknown}
Comestibles
 d - 9 rations


   Skills:
 + Level 1.2(0.0) Fighting
 + Level 0.5(0.0) Armour
 + Level 1.8(0.5) Dodging
 + Level 1.2(0.0) Stealth
 * Level 3.3(2.0) Unarmed Combat
 + Level 2.5(1.2) Spellcasting
 * Level 2.4(1.1) Transmutations


You had 6 spell levels left.
You knew the following spells:

 Your Spells              Type           Power        Failure   Level  Hunger
a - Beastly Appendage     Tmut           #.....       36%         1    ##.....

Your spell library contained the following spells:

 Spells                   Type           Power        Failure   Level  Hunger
 Sticks to Snakes         Tmut           #.......     50%         2    ###....
 Spider Form              Tmut/Pois      #.........   82%         3    ####...
 Ice Form                 Ice/Tmut       #.......     99%         4    #####..
 Blade Hands              Tmut           #.........   100%        5    ######.


Dungeon Overview and Level Annotations

Branches:
Dungeon (2/15)

Altars:


Innate Abilities, Weirdness & Mutations

You have extremely sharp teeth.
When hurt, damage is shared between your health and your magic reserves.
Your bite disrupts and absorbs the magic of your enemies.
Potions cannot restore your health.
You are immune to rotting.


Message History

You hit the iguana. You bite the iguana, but do no damage.
The iguana is moderately wounded.
The iguana bites you.
You closely miss the iguana.
The iguana is moderately wounded.
The iguana bites you!
You are too injured to fight recklessly!
You are too injured to fight recklessly!
You are too injured to fight recklessly!
You closely miss the iguana. Your bite misses the iguana.
The iguana is moderately wounded.
The iguana misses you.
You hit the iguana but do no damage.
The iguana is moderately wounded.
The iguana bites you!
* * * LOW HITPOINT WARNING * * *
You hit the iguana but do no damage. Your bite misses the iguana.
The iguana is moderately wounded.
The iguana bites you!
You die...

#>. ..## #.# #..## #..
... #.# #.#
#.########.####
########+#..............
..................##.###
..................##..#
.......@..........###.##
......l...........###..#
.........(..............
?.................####..
..................#####'
..................#.....
.)................#.....
#########.........#.....
#...#######.....


You could see an iguana.

Vanquished Creatures
  An adder (D:2)
  2 leopard geckos
  2 ball pythons (D:1)
  2 giant cockroaches (D:1)
  3 goblins
  3 hobgoblins
  3 jackals (D:1)
  9 bats (D:1)
  3 frilled lizards
  3 kobolds (D:1)
  3 rats (D:1)
34 creatures vanquished.

Notes
Turn   | Place    | Note
-------+----------+-------------------------------------------
     0 | D:1      | Descartes the Vine Stalker Transmuter began the quest for
                  | the Orb.
     0 | D:1      | Reached XP level 1. HP: 9/9 MP: 4/4
   278 | D:1      | Reached skill level 1 in Fighting
   284 | D:1      | Reached XP level 2. HP: 14/14 MP: 6/6
   697 | D:1      | Reached XP level 3. HP: 12/18 MP: 3/7
  1187 | D:2      | Reached skill level 1 in Stealth
  1508 | D:2      | Mangled by an iguana

Skill      XL: |  1  2  3 |
---------------+----------+-----
Fighting       | 1 |  1.2
Stealth        | 1 |  1.2
Armour         | |  0.5
Dodging        | |  1.8
Unarmed Combat | |  3.3
Spellcasting   | |  2.5
Transmutations | |  2.4

Action                   || total
-------------------------++-------
Melee: Unarmed           ||   118
       Bite              ||    26
       Punch             ||     1
 Stab: Sleeping          ||     3
  Eat: Chunk             ||     2
Armor: Robe              ||     2
       Ring mail         ||    52
Dodge: Dodged            ||    87
